 Dungeon Crawl Stone Soup version 0.27-a0-1071-ga85bd9520d (console) character file.

Game seed: 284943422154062671

1403 nht the Cutter (level 8, -1/52 HPs)
             Began as a Demonspawn Earth Elementalist on Apr 24, 2021.
             Was an Initiate of Makhleb.
             Slain by a gnoll
             ... wielding a +0 spear
              (5 damage)
             ... on level 6 of the Dungeon.
             The game lasted 00:11:04 (6213 turns).

nht the Cutter (Demonspawn Earth Elementalist)      Turns: 6213, Time: 00:11:05

Health: -1/52      AC:  9    Str:  9    XL:     8   Next: 42%
Magic:  12/12      EV: 12    Int: 19    God:    Makhleb [......]
Gold:   257        SH:  0    Dex: 13    Spells: 9/11 levels left

rFire    + . .     SeeInvis .   e - +2 short sword (elec)
rCold    . . .     Faith    .   (no shield)
rNeg     . . .     Spirit   .   c - +0 robe
rPois    .         Reflect  .   a - +1 helmet
rElec    .         Harm     .   d - +0 cloak
rCorr    +         Rampage  .   f - +2 pair of gloves
Will     .....                  (no boots)
Stlth    ++........             (no amulet)
HPRegen  0.17/turn              q - ring of resist corrosion
MPRegen  0.13/turn              o - ring of protection from fire

@: mighty, about to teleport
A: talons 1, foul stench 1, sharp scales 1, demonic magic 2
a: Renounce Religion


You were on level 6 of the Dungeon.
You worshipped Makhleb.
Makhleb was noncommittal.
You visited 2 branches of the dungeon, and saw 7 of its levels.

You collected 257 gold pieces.

Inventory:

Hand Weapons
 e - a +2 short sword of electrocution (weapon)
Missiles
 b - a throwing net
Armour
 a - a +1 helmet (worn)
 c - a +0 robe (worn)
 d - a +0 cloak (worn)
 f - a +2 pair of gloves (worn)
Jewellery
 k - a ring of flight
 o - a ring of protection from fire (right hand)
 q - a ring of resist corrosion (left hand)
Wands
 i - a wand of flame (37)
Scrolls
 h - 2 scrolls of teleportation
 l - 2 scrolls of acquirement {unknown}
 n - a scroll of fog
Potions
 g - a potion of mutation
 j - a potion of brilliance
 m - a potion of magic


   Skills:
 * Level 7.6 Short Blades
 - Level 1.7 Dodging
 - Level 1.7 Stealth
 - Level 2.0 Spellcasting
 + Level 0.7 Hexes
 - Level 0.8 Transmutations
 - Level 4.2 Earth Magic
 - Level 6.0 Invocations


You had 9 spell levels left.
You knew the following spells:

 Your Spells              Type           Power      Damage    Failure   Level
a - Sandblast             Erth           36%        2d10      3%          1
b - Corona                Hex            4%         N/A       13%         1

Your spell library contained the following spells:

 Spells                   Type           Power      Damage    Failure   Level
 Passwall                 Tmut/Erth      9%         N/A       9%          2
 Animate Skeleton         Necr           2%         N/A       17%         1
 Apportation              Tloc           2%         N/A       17%         1
 Summon Small Mammal      Summ           4%         N/A       17%         1
 Stone Arrow              Conj/Erth      18%        3d8       22%         3
 Confusing Touch          Hex            4%         N/A       36%         3
 Gell's Gravitas          Tloc           0%         N/A       45%         3
 Petrify                  Tmut/Erth      11%        N/A       52%         4
 Lee's Rapid Deconstruct  Erth           9%         3d8*      63%         5
 Yara's Violent Unravell  Hex/Tmut       2%         3d3       98%         5
 Metabolic Englaciation   Hex/Ice        1%         N/A       99%         5


Dungeon Overview and Level Annotations

Branches:
Dungeon (6/15)             Temple (1/1) D:4

Altars:
Ashenzari
Elyvilon
Fedhas
Hepliaklqana
Makhleb
Okawaru
Sif Muna
Uskayaw
Vehumet
Wu Jian
Xom
Yredelemnul

Shops:
D:3 [

Annotations:
D:3 2 transporters, 1player's ghost, amateur OgVM
D:5 exclusion: sky beast, Grinder
D:6 2 transporters, T2blue's ghost, novice FeIE


Innate Abilities, Weirdness & Mutations

You have sharp toenails.
You may rarely emit foul miasma when damaged in melee.
You are partially covered in razor-sharp scales. (AC +1, Slay +1)
Spells you cast may paralyse nearby enemies.


Message History

Aim: a gnoll, wielding a +0 flail (72% to hit)
The puff of flame hits the gnoll.
The gnoll is lightly wounded.
The gnoll hits you with a +0 flail!
Unknown command.
Aiming: Throw Flame
Press: ? - help, Shift-Dir - straight line, f/p - gnoll
Aim: a gnoll, wielding a +0 flail (lightly wounded, 72% to hit)
The puff of flame hits the gnoll.
The gnoll is heavily wounded.
The gnoll hits you from afar with a +0 spear!
The gnoll hits you but does no damage.
Aiming: Throw Flame
Press: ? - help, Shift-Dir - straight line, f/p - gnoll
Aim: a gnoll, wielding a +0 flail (heavily wounded, 72% to hit)
The puff of flame hits the gnoll.
The gnoll is severely wounded.
The gnoll hits you from afar with a +0 spear!
* * * LOW HITPOINT WARNING * * *
The gnoll hits you but does no damage.
As you read the scroll of teleportation, it crumbles to dust.
You feel strangely unstable.
The gnoll hits you from afar with a +0 spear.
* * * LOW HITPOINT WARNING * * *
The gnoll hits you but does no damage.
It was a potion of might.
You feel very mighty all of a sudden. The gnoll barely misses you.
The gnoll hits you with a +0 flail.
* * * LOW HITPOINT WARNING * * *
There are monsters nearby!
You tear a large gash into the net.
The gnoll barely misses you. The gnoll hits you but does no damage.
Okay, then.
You shred the net and break free! The gnoll barely misses you.
The gnoll hits you with a +0 flail.
* * * LOW HITPOINT WARNING * * *
You barely miss the gnoll. Your kick misses the gnoll.
The gnoll is severely wounded.
The gnoll hits you from afar with a +0 spear.
You die...

██ ██.██...█ █.55 █..█. ...
...█... .5555██..█. g...
█.█████ ███W██...█. g....
█.....████©███....█. █
......███..██..........██.█.
g.
.......g..o███.███.█.████.█.
█.......████g█ █.█ █...█
█.█( █...... █g███<█████.█
█.█. ....
█.@.........████.█.
██.█████████).........†.....
█.....g.....█............██


██████████████████████████ You could see 2 gnolls and an orc.

Vanquished Creatures
  Prince Ribbit (D:5)
  A wyvern (D:5)
  A black bear (D:6)
  An ice beast (D:5)
  A sky beast (D:5)
  A phantom (D:4)
  A water moccasin zombie (D:5)
  2 scorpions
  A howler monkey (D:3)
  An orc priest (D:2)
  2 centaur skeletons (D:5)
  A gnoll shaman (D:6)
  Jessica (D:2)
  2 iguanas
  3 orc wizards
  2 hound zombies
  Robin (D:2)
  7 adders
  3 gnolls (D:6)
  A howler monkey skeleton (D:5)
  An ufetubus (D:5)
  A worm (D:4)
  3 dart slugs
  7 orcs
  6 bats
  5 endoplasms
  11 goblins
  10 hobgoblins
  4 quokkas
  5 ball pythons
  5 frilled lizards
  9 kobolds
  4 rats
105 creatures vanquished.

Vanquished Creatures (others)
  10 plants
10 creatures vanquished.

Grand Total: 115 creatures vanquished

Notes
Turn   | Place    | Note
-------+----------+-------------------------------------------
     0 | D:1      | nht the Demonspawn Earth Elementalist began the quest for
                  | the Orb.
     0 | D:1      | Reached XP level 1. HP: 13/13 MP: 3/3
   225 | D:1      | Gained mutation: You are partially covered in razor-sharp
                  | scales. (AC +1, Slay +1) [demonic ancestry]
   225 | D:1      | Reached XP level 2. HP: 19/19 MP: 3/5
   506 | D:1      | Found a faded altar of an unknown god.
   632 | D:1      | Gained mutation: Spells you cast may paralyse adjacent
                  | enemies. [demonic ancestry]
   632 | D:1      | Reached XP level 3. HP: 24/24 MP: 4/6
   672 | D:1      | Reached skill level 1 in Short Blades
  1430 | D:2      | Noticed Jessica
  1435 | D:2      | Killed Jessica
  1436 | D:2      | Reached XP level 4. HP: 23/30 MP: 4/7
  2048 | D:2      | Noticed Robin
  2050 | D:2      | Reached skill level 2 in Short Blades
  2156 | D:2      | Killed Robin
  2504 | D:3      | Found Ogro's Antique Armour Emporium.
  2631 | D:3      | Found a transporter.
  2637 | D:3      | Noticed 1player's ghost (amateur OgVM)
  2646 | D:3      | Found a transporter.
  2717 | D:3      | Reached skill level 3 in Short Blades
  2717 | D:3      | Reached XP level 5. HP: 34/35 MP: 1/8
  2981 | D:3      | Noticed an orc warrior
  3133 | D:3      | Found a shimmering blue altar of Sif Muna.
  3224 | D:3      | Reached skill level 4 in Short Blades
  3494 | D:4      | Found a blossoming altar of Fedhas.
  3505 | D:4      | Found a staircase to the Ecumenical Temple.
  3529 | Temple   | Entered the Ecumenical Temple
  3613 | Temple   | Became a worshipper of Makhleb the Destroyer
  3721 | D:4      | Noticed a phantom
  3743 | D:4      | Killed a phantom
  3744 | D:4      | Reached skill level 1 in Invocations
  3744 | D:4      | Gained mutation: You have sharp toenails. [demonic
                  | ancestry]
  3744 | D:4      | Reached XP level 6. HP: 31/41 MP: 4/9
  4769 | D:5      | Entered Level 5 of the Dungeon
  4870 | D:5      | Noticed a sky beast
  4877 | D:5      | Killed a sky beast
  4878 | D:5      | Reached skill level 5 in Short Blades
  4878 | D:5      | Gained mutation: Spells you cast may paralyse nearby
                  | enemies. [demonic ancestry]
  4878 | D:5      | Reached XP level 7. HP: 46/46 MP: 4/10
  4997 | D:5      | Noticed Prince Ribbit
  5006 | D:5      | Killed Prince Ribbit
  5007 | D:5      | Reached skill level 6 in Short Blades
  5297 | D:5      | Noticed Grinder
  5338 | D:5      | Noticed a wyvern
  5342 | D:5      | Killed a wyvern
  5343 | D:5      | Reached skill level 5 in Invocations
  5343 | D:5      | Gained mutation: You may rarely emit foul miasma when
                  | damaged in melee. [demonic ancestry]
  5343 | D:5      | Reached XP level 8. HP: 37/52 MP: 9/11
  5366 | D:5      | Learned a level 1 spell: Corona
  5379 | D:6      | Reached skill level 7 in Short Blades
  5467 | D:6      | Found a transporter.
  5468 | D:6      | Noticed T2blue's ghost (novice FeIE)
  6119 | D:6      | Found a transporter.
  6213 | D:6      | Slain by a gnoll

Illustrated notes

Levels and vault maps discovered:
D:1:      sevenhm_arrival_forest_fort_large_3, layout_loops_ring,
          hellmonk_ecumenical_altar_inner_sanctum
D:2:      layout_basic, serial_forest, infiniplex_forest_clump_curved,
          infiniplex_forest_straight_2, infiniplex_forest_zigzag_1,
          infiniplex_forest_lined_3_way, infiniplex_forest_straight_4,
          infiniplex_forest_lined_room_, infiniplex_forest_corner_2,
          infiniplex_forest_end_double, infiniplex_forest_clump_diagonal,
          serial_bayou_lagoon_b, uniq_robin, uniq_jessica
D:3:      layout_basic, old_standard_altar, serial_shops, nicolae_shop_crystal,
          gammafunk_ghost_gnarly_gnolls, hex_medium
D:4:      layout_loops_cross, amcnicky_altar_gilded, minmay_temple_entry_mist
D:5:      layout_loops_ring, grunt_ministairs_11, minivault_4,
          kennysheep_minor_cross, uniq_prince_ribbit1, uniq_grinder
D:6:      hangedman_cross_stitches, layout_loops_ring,
          gammafunk_ghost_stat_death, serial_shops, shop,
          chequers_serial_rivers_large_b
Temple:   cyrus_temple_forest

Skill      XL: |  1  2  3  4  5  6  7  8 |
---------------+-------------------------+-----
Earth Magic    | 3 4 |  4.2
Short Blades   | 1 3 4 5 6 7 |  7.6
Invocations    | 1 3 5 6 |  6.0
Dodging        | |  1.7
Stealth        | |  1.7
Spellcasting   | |  2.0
Hexes          | |  0.7
Transmutations | |  0.8

Action                   |  1- 3 |  4- 6 |  7- 9 || total
-------------------------+-------+-------+-------++-------
Melee: Short sword       |     1 |    38 |    45 ||    84
       Kick              |       |     4 |     5 ||     9
 Cast: Sandblast         |    35 |    75 |    19 ||   129
       Corona            |       |       |     7 ||     7
Evoke: Wand              |       |       |     6 ||     6
  Use: Scroll            |     2 |     8 |     3 ||    13
       Potion            |       |     1 |     1 ||     2
 Stab: Paralysed         |       |    12 |    11 ||    23
       Sleeping          |       |     4 |     1 ||     5
       Distracted        |       |       |     1 ||     1
Armor: Robe              |     2 |    12 |    15 ||    29
Dodge: Dodged            |     9 |    19 |    24 ||    52

Table legend: (Time is in decaauts)
 A = Elapsed time spent in this place.
 B = Non-inter-level travel time spent in this place.
 C = Inter-level travel time spent in this place.
 D = Time resting spent in this place.
 E = Time spent auto-exploring this place.
 F = Levels seen in this place.
 G = Mean time per level.
                   A        B        C        D        E       F      G
               +--------+--------+--------+--------+--------+-----+--------+
         Total |   6217 |   5821 |    396 |    264 |   4818 |   7 |  888.1 |
       Dungeon |   6093 |   5749 |    344 |    264 |   4749 |   6 | 1015.5 |
        Temple |    123 |     71 |     52 |      0 |     69 |   1 |  123.0 |
               +--------+--------+--------+--------+--------+-----+--------+

Top non-repeatable levels by time:
     D:2: 1527 daAuts
     D:1: 1183 daAuts
     D:5: 1166 daAuts
     D:3: 1160 daAuts
     D:4: 852 daAuts
     D:6: 203 daAuts
  Temple: 123 daAuts
